 Dungeon Crawl Stone Soup version 0.26-a0-651-gb41185065b (webtiles) character file.

Game seed: 8246689052967200884

21175 Lanoc the Bringer of Law (level 12, -2/112 HPs)
             Began as a Green Draconian Monk on Oct 9, 2020.
             Was the Champion of Zin.
             Hit by a stone thrown by a skeletal warrior (17 damage)
             ... led by a skeletal warrior
             ... on level 14 of the Dungeon.
             The game lasted 00:28:27 (14207 turns).

Lanoc the Bringer of Law (Green Draconian Monk)    Turns: 14207, Time: 00:28:28

Health: -2/112     AC: 10    Str: 24    XL:     12   Next: 51%
Magic:  21/21      EV: 36    Int: 10    God:    Zin [******]
Gold:   581        SH:  6    Dex: 21    Spells: 11/11 levels left

rFire    . . .     SeeInvis +   N - +4 double sword (elec)
rCold    . . .     Faith    .   F - +0 buckler
rNeg     . . .     Spirit   .   (armour unavailable)
rPois    +         Reflect  .   (helmet restricted)
rElec    +         Harm     .   b - +1 cloak
rCorr    .         Rampage  .   (no gloves)
MR       .....                  (no boots)
Stlth    ++........             j - amulet of Tomorrow {Acrobat rElec Str+3 Dex+3}
HPRegen  0.28/turn              M - ring of see invisible
MPRegen  0.17/turn              f - +6 ring of strength

@: acrobat
A: breathe noxious fumes, unfitting armour, poison resistance, cold-blooded, AC
+8
a: Breathe Noxious Fumes, Recite, Vitalisation, Imprison, Sanctuary, Donate
Gold, Renounce Religion


You were on level 14 of the Dungeon.
You worshipped Zin.
Zin was exalted by your worship.
You visited 2 branches of the dungeon, and saw 15 of its levels.
You also visited: Sewer and Ossuary.

You collected 793 gold pieces.
You spent 133 gold pieces at shops.
You donated 79 gold pieces to Zin.

Inventory:

Hand Weapons
 N - a +4 double sword of electrocution (weapon)
Armour
 b - a +1 cloak (worn)
 F - a +0 buckler (worn)
Jewellery
 a - an uncursed ring of protection from cold
 f - a +6 ring of strength (right hand)
 j - the amulet of Tomorrow (around neck) {Acrobat rElec Str+3 Dex+3}
   (You acquired it on level 14 of the Dungeon)

   [amulet of the acrobat]

   It helps you evade while moving and waiting.
   It affects your strength (+3).
   It affects your dexterity (+3).
   It insulates you from electricity.
 C - an uncursed ring of protection from fire
 M - a ring of see invisible (left hand)
Wands
 g - a wand of digging (12)
 D - a wand of flame (10)
 L - a wand of enslavement (11)
Scrolls
 h - 2 scrolls of blinking
 i - 2 scrolls of amnesia
 m - 2 scrolls of summoning
 n - 8 scrolls of remove curse
 o - a scroll of fear
 v - 2 scrolls of magic mapping
 w - 3 scrolls of enchant weapon {unknown}
 x - 2 scrolls of immolation {unknown}
 y - 4 scrolls of teleportation
 A - 4 scrolls of random uselessness {unknown}
 G - a scroll of brand weapon
 H - 2 scrolls of enchant armour
Potions
 c - 2 potions of heal wounds
 d - 3 potions of magic
 e - 2 potions of flight
 k - a potion of berserk rage
 l - 2 potions of resistance
 p - 2 potions of haste
 q - 4 potions of stabbing
 t - 2 potions of cancellation
 z - 7 potions of curing
 B - a potion of brilliance
 E - 2 potions of might
 J - 2 potions of invisibility


   Skills:
 + Level 12.0 Fighting
 + Level 8.5 Long Blades
 + Level 10.3 Dodging
 - Level 1.7 Stealth
 - Level 4.0 Shields
 * Level 12.4 Invocations


You had 11 spell levels left.
You didn't know any spells.
Your spell library contained the following spells:

 Spells                   Type           Power        Failure   Level
 Beastly Appendage        Tmut           #.....       36%         1
 Corona                   Hex            #......      36%         1
 Freeze                   Ice            #...         36%         1
 Sandblast                Erth           #.....       36%         1
 Sting                    Tmut/Pois      #...         36%         1
 Passwall                 Tmut/Erth      #.......     50%         2
 Poisonous Vapours        Pois/Air       #.....       50%         2
 Slow                     Hex            #.......     50%         2
 Wereblood                Tmut           #.......     50%         2
 Frozen Ramparts          Ice            #.....       75%         3
 Ignite Poison            Fire/Tmut/Pois #.......     75%         3
 Inner Flame              Hex/Fire       #.......     75%         3
 Mephitic Cloud           Conj/Pois/Air  #.......     75%         3
 Ozocubu's Armour         Ice            #.......     75%         3
 Portal Projectile        Hex/Tloc       #.....       75%         3
 Spider Form              Tmut/Pois      #.........   75%         3
 Stone Arrow              Conj/Erth      #.....       75%         3
 Cause Fear               Hex            #.........   98%         4
 Hailstorm                Conj/Ice       #.......     98%         4
 Ice Form                 Ice/Tmut       #.......     98%         4
 Leda's Liquefaction      Hex/Erth       #.........   98%         4
 Olgreb's Toxic Radiance  Pois           #.......     98%         4
 Petrify                  Tmut/Erth      #.......     98%         4
 Summon Ice Beast         Ice/Summ       #.......     98%         4
 Blade Hands              Tmut           #.........   100%        5
 Lee's Rapid Deconstruct  Erth           #.........   100%        5


Dungeon Overview and Level Annotations

Branches:
Dungeon (14/15)            Temple (1/1) D:6            Lair (0/6) D:10
    Orc (0/2) D:11          Sewer (visited)         Ossuary (visited)
 Vaults: D:13-14

Altars:
Ashenzari
Cheibriados
Dithmenos
Elyvilon
Fedhas
Gozag
Hepliaklqana
Kikubaaqudgha
Makhleb
Nemelex Xobeh
Okawaru
Qazlal
Ru
Sif Muna
Trog
Uskayaw
Vehumet
Wu Jian
Xom
Yredelemnul
Zin
The Shining One

Shops:
D:4 [   D:5 *   D:6 (   D:14 *

Portals:
Gauntlet: D:14

Annotations:
D:7 EnegeticOcto's ghost, novice DDFi
D:14 1 runed translucent door


Innate Abilities, Weirdness & Mutations

You can breathe blasts of noxious fumes.
Your lurid green scales are hard. (AC +8)
You cannot fit into any form of body armour.
Your system is resistant to poisons. (rPois)
You are cold-blooded and may be slowed by cold attacks.


Message History

Lightning courses through the skeletal warrior!
The skeletal warrior is moderately damaged. "...them wherever they hid, and the bastard children of Xom..."
You hit the skeletal warrior but do no damage.
Your tail-slap misses the skeletal warrior.
The skeletal warrior is moderately damaged. "...were ousted for their chaos!"
You finish reciting Apostates 15:17.
You block the skeletal warrior's attack.
You closely miss the skeletal warrior.
You tail-slap the skeletal warrior, but do no damage.
The skeletal warrior is moderately damaged.
The skeletal warrior hits you with a +0 war axe!
You barely miss the skeletal warrior.
Your tail-slap misses the skeletal warrior.
The skeletal warrior is moderately damaged.
The skeletal warrior hits you with a +0 war axe!!
* * * LOW HITPOINT WARNING * * *
The skeletal warrior throws a stone.
The stone hits you!
You die...

***********#.* #.#.##*#
##.#* #....#.#* **
******#...#* ###...#,**
,*
*,,,,,,....####...##*,**
,* *,*****..........##
**,* ,* *,*
**.###....#.#**,*** ,#
*,* *,* #.z####.#,,,,*
.###*,* *,*
#.∩..#,..#**,*
....,,******,* #@##.#,*.#
*,* ....,,,,,,,,,*
#.#*...*.# *,*
,****,**,***** #.#**###,#
*,* .#
*,**,******#.#*****,***,*
.#
*,,,,,,,,,,...,,,,,,,,,,*
##
*,,*,*****,###***,,,*****
#####u,*,*****,* *,***
.u..u.,,,,,,,,,* *,*
#####.,*,*****,** *,*


You could see a skeletal warrior.

Vanquished Creatures
  Harold (D:9)
  3 centaur warriors
  3 two-headed ogres
  A queen ant (D:10)
  A tengu warrior (D:14)
  Urug (D:10)
  3 skeletal warriors (D:14)
  Pikel (D:9)
  An ugly thing (D:12)
  A deep elf mage (D:12)
  A centaur skeleton (D:13)
  Psyche (D:8)
  4 trolls
  A hippogriff (shapeshifter) (D:14)
  2 hippogriffs
  A shadow (D:11)
  3 wyverns
  7 yaks
  2 wraiths
  A steam dragon (D:7)
  2 basilisks (D:10)
  3 vampire mosquitoes (D:12)
  8 soldier ants (D:10)
  2 water moccasins
  A hornet zombie (D:10)
  2 orc warriors
  4 ogres
  2 phantoms
  11 centaurs
  4 lemures (D:9)
  2 big kobolds
  6 bullfrogs
  2 gnoll sergeants
  A wyvern skeleton (D:14)
  10 scorpions
  4 killer bees (D:9)
  9 wights
  A howler monkey (D:6)
  3 human zombies (Ossuary)
  A quasit (D:11)
  4 centaur zombies
  6 orc priests
  3 hounds
  3 jellies
  2 bullfrog skeletons
  Terence (D:3)
  Jessica (D:3)
  10 orc wizards
  Natasha (thrice) (D:4)
  2 iguanas
  37 worker ants
  3 mummies (Ossuary)
  A worker ant zombie (D:6)
  20 adders
  9 gnolls
  A howler monkey skeleton (D:4)
  5 scorpion zombies (Ossuary)
  2 river rats (D:3)
  2 shadow imps (D:7)
  2 white imps
  2 ufetubi
  13 oozes (Sewer)
  3 adder skeletons
  2 worms
  A dart slug (D:3)
  14 leopard geckos
  39 orcs
  8 ball pythons (Sewer)
  11 giant cockroaches
  2 gnoll zombies (Ossuary)
  3 goblins
  5 hobgoblins
  7 jackals
  5 quokkas
  A ball python skeleton (D:2)
  3 bats
  9 frilled lizards
  2 goblin zombies (Ossuary)
  4 hobgoblin zombies (Ossuary)
  14 kobolds
  A kobold zombie (Ossuary)
  A leopard gecko skeleton (D:5)
  An orc zombie (Ossuary)
  A quokka zombie (D:9)
  4 rats
390 creatures vanquished.

Vanquished Creatures (collateral kills)
  2 soldier ants (D:10)
  6 worker ants (D:10)
  An adder (D:8)
  A gnoll (D:8)
10 creatures vanquished.

Vanquished Creatures (others)
  2 soldier ants (D:10)
  A scorpion (Ossuary)
  A worker ant (D:10)
  A gnoll zombie (Ossuary)
  5 plants (D:4)
10 creatures vanquished.

Grand Total: 410 creatures vanquished

Notes
Turn   | Place    | Note
-------+----------+-------------------------------------------
     0 | D:1      | Lanoc the Draconian Monk began the quest for the Orb.
     0 | D:1      | Reached XP level 1. HP: 19/19 MP: 1/1
    68 | D:2      | Reached XP level 2. HP: 16/26 MP: 2/2
   465 | D:2      | Reached XP level 3. HP: 30/31 MP: 3/3
   645 | D:3      | Noticed Terence
   660 | D:3      | Killed Terence
   660 | D:3      | Reached XP level 4. HP: 17/40 MP: 4/4
   706 | D:3      | Found an opulent altar of Gozag.
   710 | D:3      | Found a blossoming altar of Fedhas.
   748 | D:3      | Reached XP level 5. HP: 12/46 MP: 5/5
   789 | D:3      | Found a snail-covered altar of Cheibriados.
   800 | D:3      | Noticed Jessica
   811 | D:3      | Killed Jessica
   948 | D:3      | HP: 2/47 [river rat (5)]
  1026 | D:3      | Reached skill level 5 in Long Blades
  1037 | D:3      | Found a glowing drain.
  1041 | Sewer    | Entered a sewer
  1418 | Sewer    | Reached XP level 6. HP: 40/53 MP: 6/6
  1954 | Sewer    | Reached skill level 5 in Fighting
  2266 | D:4      | Your scales start taking on a lurid green colour.
  2266 | D:4      | Reached XP level 7. HP: 50/61 MP: 7/7
  2266 | D:4      | Gained mutation: Your system is resistant to poisons.
                  | (rPois) [Green Draconian growth]
  2501 | D:4      | Noticed Natasha
  2509 | D:4      | Killed Natasha
  2677 | D:4      | Found a sand-covered staircase.
  2682 | Ossuary  | Entered an ossuary
  2886 | Ossuary  | Reached skill level 5 in Dodging
  3497 | Ossuary  | Reached XP level 8. HP: 69/71 MP: 8/8
  3809 | D:4      | Found Xuca's Antique Armour Shoppe.
  3819 | D:4      | Found a sacrificial altar of Ru.
  3865 | D:4      | Noticed Natasha
  3870 | D:4      | Killed Natasha
  3877 | D:4      | Noticed Natasha
  3883 | D:4      | Killed Natasha
  4226 | D:5      | Entered Level 5 of the Dungeon
  4569 | D:5      | Found a sparkling altar of Nemelex Xobeh.
  4969 | D:5      | Found Zoidoate's General Store.
  5649 | D:6      | Found Esic's Weapon Boutique.
  5649 | D:6      | Found a shimmering altar of Xom.
  5830 | D:6      | Found a staircase to the Ecumenical Temple.
  6024 | Temple   | Entered the Ecumenical Temple
  6240 | Temple   | Became a worshipper of Zin the Law-Giver
  6240 | Temple   | Reached * piety under Zin
  6240 | Temple   | Reached ** piety under Zin
  6240 | Temple   | Reached *** piety under Zin
  6311 | D:7      | Reached skill level 1 in Invocations
  6440 | D:7      | Reached XP level 9. HP: 60/82 MP: 10/10
  7172 | D:7      | Reached **** piety under Zin
  7257 | D:7      | Found a runed translucent gate.
  7257 | D:7      | Found a runed translucent gate.
  7259 | D:7      | Found a runed translucent gate.
  7259 | D:7      | Found an opulent altar of Gozag.
  7261 | D:7      | Noticed EnegeticOcto's ghost (novice DDFi)
  7717 | D:7      | Reached ***** piety under Zin
  7768 | D:8      | Noticed Psyche
  7785 | D:8      | Paralysed by you for 6 turns
  7792 | D:8      | Killed Psyche
  7792 | D:8      | Reached skill level 1 in Shields
  7964 | D:8      | Found a shadowy altar of Dithmenos.
  7995 | D:8      | Reached skill level 5 in Invocations
  8236 | D:8      | Found an ornate altar of the Wu Jian Council.
  8832 | D:9      | Noticed Harold
  8870 | D:9      | Killed Harold
  8870 | D:9      | Reached XP level 10. HP: 49/92 MP: 9/15
  8877 | D:9      | Noticed Pikel
  8893 | D:9      | Noticed a two-headed ogre
  8912 | D:9      | Killed Pikel
  8935 | D:9      | Killed a two-headed ogre
  8935 | D:9      | Reached skill level 10 in Fighting
  9785 | D:10     | Entered Level 10 of the Dungeon
  9794 | D:10     | Found Zaapp's Antique Weapon Boutique.
 10300 | D:10     | Noticed Urug
 10371 | D:10     | Killed Urug
 10803 | D:10     | Found a staircase to the Lair.
 10829 | D:10     | Noticed a queen ant
 10847 | D:10     | Killed a queen ant
 10847 | D:10     | Reached XP level 11. HP: 101/101 MP: 16/18
 11751 | D:10     | Reached skill level 10 in Invocations
 12046 | D:11     | Noticed a two-headed ogre
 12054 | D:11     | Killed a two-headed ogre
 12345 | D:11     | Found a staircase to the Orcish Mines.
 13049 | D:12     | Noticed a deep elf mage
 13059 | D:12     | Killed a deep elf mage
 13201 | D:12     | Reached ****** piety under Zin
 13247 | D:12     | Noticed a cyan ugly thing
 13291 | D:12     | Killed a cyan ugly thing
 13849 | D:13     | Noticed a centaur warrior
 13852 | D:13     | Noticed a centaur warrior
 13856 | D:13     | Killed a centaur warrior
 13856 | D:13     | Reached XP level 12. HP: 110/110 MP: 18/20
 13868 | D:13     | Killed a centaur warrior
 13931 | D:13     | Noticed a two-headed ogre
 13941 | D:13     | Killed a two-headed ogre
 13941 | D:13     | Reached skill level 10 in Dodging
 13958 | D:13     | Noticed a five-headed hydra
 14034 | D:14     | Identified a scroll of acquirement
 14038 | D:14     | Acquired the amulet of Tomorrow {Acrobat rElec Str+3 Dex+3}
 14054 | D:14     | Noticed a centaur warrior
 14063 | D:14     | Killed a centaur warrior
 14087 | D:14     | Found Nah Lafi's General Store.
 14090 | D:14     | Noticed a tengu warrior
 14105 | D:14     | HP: 4/112 [tengu warrior/+1 battleaxe (5)]
 14109 | D:14     | Killed a tengu warrior
 14111 | D:14     | Bought a scroll of summoning for 133 gold pieces
 14147 | D:14     | Found a runed translucent gate.
 14147 | D:14     | Noticed a centaur warrior
 14148 | D:14     | Noticed a merfolk javelineer
 14180 | D:14     | Found a gate leading to a gauntlet.
 14207 | D:14     | Hit by a stone thrown by a skeletal warrior

Illustrated notes

Levels and vault maps discovered:
D:1:      scummos_arrival_forest, layout_basic, hangedman_decor_slide_cut
D:2:      layout_rooms, minmay_pentomino_x2
D:3:      layout_rooms, gammafunk_temple_overflow_forgotten,
          gup_sewer_entry_spiral, kennysheep_generic_room_16, uniq_terence,
          uniq_jessica
D:4:      layout_basic, lemuel_doored_altar, nicolae_ossuary_entry_plus,
          serial_shops, nicolae_shop_overgrown_old_shop, uniq_natasha
D:5:      layout_loops_ring, nemelex_xobeh_ov_fountains_minmay, serial_shops,
          shop
D:6:      layout_basic, overflow_temple_1_default, minmay_temple_entry_fiery,
          serial_shops, shop
D:7:      layout_loops_ring, ebering_ghost_gozag
D:8:      layout_basic, grunt_dithmenos_smoke, nicolae_overflow_crystal_walls,
          uniq_psyche
D:9:      layout_roguey, uniq_harold, uniq_pikel
D:10:     layout_basic, david_lair_generic, serial_shops,
          nicolae_shop_window_shopping, zaba_anthell, uniq_urug
D:11:     layout_stronghold, orc_0_dummy
D:12:     layout_loops_ring, corexii_hall_statues_i
D:13:     layout_roguey, grunt_vaults_entry_fortified, gammafunk_ghost_icy
D:14:     layout_loops_ring, gauntlet_entry_generic, serial_shops, shop,
          gammafunk_ghost_fury_of_okawaru, glass_columns_b,
          minmay_guarded_unrand_resistance, uniq_frances, uniq_roxanne
Temple:   eino_narrow_crystal_temple

Skill      XL: |  1  2  3  4  5  6  7  8  9 10 11 12 |
---------------+-------------------------------------+-----
Dodging        | 3 4 5 7 8 9 10 | 10.3
Long Blades    | 4 5 6 7 8 |  8.5
Fighting       | 4 5 6 8 9 10 11 12 | 12.0
Invocations    | 2 6 9 11 12 | 12.4
Shields        | 3 4 |  4.0
Stealth        | |  1.7

Action                   |  1- 3 |  4- 6 |  7- 9 | 10-12 || total
-------------------------+-------+-------+-------+-------++-------
Melee: Falchion          |    74 |   226 |   573 |   178 ||  1051
       Tailslap          |    13 |    40 |   167 |   100 ||   320
       Double sword      |       |       |       |   265 ||   265
Invok: Recite            |       |       |    10 |    14 ||    24
 Abil: Breathe Noxious F |       |       |    36 |    31 ||    67
Evoke: Wand              |       |       |       |     1 ||     1
  Use: Scroll            |     3 |     2 |       |    18 ||    23
       Potion            |       |     6 |       |     3 ||     9
 Stab: Sleeping          |     3 |       |     5 |     4 ||    12
       Confused          |       |       |    36 |    34 ||    70
       Distracted        |       |       |     1 |       ||     1
       Paralysed         |       |       |       |     1 ||     1
       Invisible         |       |       |       |     1 ||     1
Armor: Skin              |    24 |    62 |    77 |    63 ||   226
Dodge: Dodged            |    57 |   211 |   369 |   339 ||   976
Block: Buckler           |       |       |    25 |   107 ||   132
       Rpst.: Falchion   |    19 |    62 |   106 |    50 ||   237
       Double sword      |       |       |       |    68 ||    68

Table legend: (Time is in decaauts)
 A = Elapsed time spent in this place.
 B = Non-inter-level travel time spent in this place.
 C = Inter-level travel time spent in this place.
 D = Time resting spent in this place.
 E = Time spent auto-exploring this place.
 F = Levels seen in this place.
 G = Mean time per level.
                   A        B        C        D        E       F      G
               +--------+--------+--------+--------+--------+-----+--------+
         Total |  14356 |  13905 |    451 |    365 |   9840 |  17 |  844.5 |
       Dungeon |  11962 |  11518 |    444 |    363 |   8104 |  14 |  854.4 |
        Temple |    224 |    217 |      7 |      0 |    190 |   1 |  224.0 |
         Sewer |   1154 |   1154 |      0 |      0 |    844 |   1 | 1154.0 |
       Ossuary |   1014 |   1014 |      0 |      2 |    701 |   1 | 1014.0 |
               +--------+--------+--------+--------+--------+-----+--------+

Top non-repeatable levels by time:
    D:10: 2232 daAuts
     D:7: 1406 daAuts
     D:9: 1194 daAuts
   Sewer: 1154 daAuts
 Ossuary: 1014 daAuts
     D:6: 1014 daAuts
    D:12: 984 daAuts
     D:4: 973 daAuts
     D:5: 882 daAuts
    D:11: 872 daAuts
     D:8: 836 daAuts
     D:3: 707 daAuts
     D:1: 367 daAuts
    D:14: 231 daAuts
  Temple: 224 daAuts
